 Dungeon Crawl Stone Soup version 0.21-a0-193-g085b6a0 (webtiles) character file.

65 Lavandula the Cutter (level 4, -1/32 HPs)
             Began as a Formicid Artificer on Aug 14, 2017.
             Slain by an iguana (12 damage)
             ... on level 4 of the Dungeon.
             The game lasted 00:05:18 (563 turns).

Lavandula the Cutter (Formicid Artificer)            Turns: 563, Time: 00:05:19

Health: -1/32      AC:  5    Str: 17    XL:     4   Next: 34%
Magic:  6/6        EV: 11    Int: 10    God:
Gold:   46         SH:  0    Dex: 12    Spells: 1/3 levels left

rFire    . . .     SeeInvis +   l - +1 short sword (freeze)
rCold    . . .     Gourm    .   (no shield)
rNeg     . . .     Faith    .   g - +0 ring mail
rPois    .         Spirit   .   (helmet unavailable)
rElec    .         Reflect  .   (no cloak)
rCorr    .         Harm     .   (no gloves)
MR       .....                  (no boots)
Stlth    +.........             (no amulet)
HPRegen  0.10/turn              (no ring)
MPRegen  0.10/turn              (no ring)

@: no status effects
A: permanent stasis, dig shafts and tunnels, four strong arms, antennae 3
a: Dig, Shaft Self


You were on level 4 of the Dungeon.
You were not hungry.

You visited 1 branch of the dungeon, and saw 4 of its levels.

You collected 46 gold pieces.

Inventory:

Hand Weapons
 l - a +1 short sword of freezing (weapon)
Missiles
 i - 2 tomahawks (quivered)
Armour
 b - a +0 leather armour
 g - a +0 ring mail (worn)
Jewellery
 a - an uncursed ring of protection from cold {unknown}
Wands
 c - a wand of flame (8/48)
 d - a wand of enslavement (15/24)
 e - a wand of random effects (15/48)
Scrolls
 j - a scroll of fear {unknown}
 k - a scroll of remove curse {unknown}
 o - a scroll of random uselessness {unknown}
Books
 m - a book of Cantrips

   Spells                             Type                      Level
   a - Confusing Touch                Hexes                        1
   b - Animate Skeleton               Necromancy                   1
   c - Summon Small Mammal            Summoning                    1
   d - Apportation                    Translocation                1
Comestibles
 f - a bread ration
 h - a meat ration
 n - a royal jelly


   Skills:
 - Level 1.1 Fighting
 + Level 3.8 Short Blades
 - Level 1.7 Dodging
 - Level 1.2 Stealth
 - Level 3.2 Evocations


You had one spell level left.
You knew the following spells:

 Your Spells              Type           Power        Failure   Level  Hunger
a - Apportation           Tloc           #.....       56%         1    ##.....
b - Animate Skeleton      Necr           N/A          56%         1    ##.....


Dungeon Overview and Level Annotations

Branches:
Dungeon (4/15)
 Temple: D:4-7

Altars:

Annotations:
D:3 Grinder, Ijyb
D:4 exclusion: upstairs


Innate Abilities, Weirdness & Mutations

You cannot be hasted, slowed, berserked, paralysed or teleported.
You can dig through walls and to a lower floor.
Your four strong arms can wield two-handed weapons with a shield.
You have a pair of large antennae on your head. (SInv)


Message History

Press: ? - help, Shift-Dir - straight line, f/p - iguana
Aim: an iguana (moderately wounded)
The puff of flame misses the iguana.
This wand has 10 charges left.
You feel sick.
You are no longer poisoned.
Evoke which item? (* to show all) (? for menu, Esc to quit)
Aiming: Throw Flame
Press: ? - help, Shift-Dir - straight line, f/p - iguana
Aim: an iguana (moderately wounded)
The puff of flame hits the iguana.
The iguana is severely wounded.
This wand has 9 charges left.
The iguana bites you!
Evoke which item? (* to show all) (? for menu, Esc to quit)
Aiming: Throw Flame
Press: ? - help, Shift-Dir - straight line, f/p - iguana
Aim: an iguana (severely wounded)
The puff of flame hits the iguana.
The iguana is almost dead.
This wand has 8 charges left.
The iguana bites you!
You die...

............### ####
..............###...
...........##.....<.
.........######.....
..####..## ##....
##..## ###.. ##..##
### ####..## #
#...@##
.......l...%#
..............#
#.............#
#..............
............... ##
...............
#####..
.#.....$......#
#...... #......


You could see an iguana.

Vanquished Creatures
  A hound (D:3)
  A worm (D:3)
  2 dart slugs (D:1)
  3 orcs (D:3)
  2 goblins (D:1)
  4 hobgoblins
  6 kobolds
  2 quokkas (D:3)
  5 bats
26 creatures vanquished.

Notes
Turn   | Place    | Note
-------+----------+-------------------------------------------
     0 | D:1      | Lavandula the Formicid Artificer began the quest for the Orb.
     0 | D:1      | Reached XP level 1. HP: 15/15 MP: 3/3
   146 | D:1      | Reached XP level 2. HP: 21/21 MP: 4/4
   372 | D:3      | Reached XP level 3. HP: 26/26 MP: 5/5
   381 | D:3      | Learned a level 1 spell: Apportation
   383 | D:3      | Learned a level 1 spell: Animate Skeleton
   463 | D:3      | Reached XP level 4. HP: 22/32 MP: 6/6
   536 | D:3      | Noticed Grinder
   536 | D:3      | Noticed Ijyb
   563 | D:4      | Slain by an iguana

Vault maps used:
D:1:      minmay_arrival_shattered_statue
D:2:      serial_bayou_pond_d, st_stairs_8, nrook_mini_backslash
D:3:      overflow_temple_1_default, hangedman_decor_opposing, uniq_grinder,
          uniq_ijyb, uniq_terence

Skill      XL: |  1  2  3 |
---------------+----------+-----
Short Blades   | 2 3 |  3.8
Fighting       | |  1.1
Dodging        | |  1.7
Stealth        | |  1.2
Evocations     | |  3.2

Action                   |  1- 3 |  4- 6 || total
-------------------------+-------+-------++-------
Melee: Short sword       |    81 |    12 ||    93
Evoke: Wand              |       |     7 ||     7
Armor: Ring mail         |    21 |     9 ||    30
       Leather armour    |     2 |       ||     2
Dodge: Dodged            |    29 |     8 ||    37
